 Dungeon Crawl Stone Soup version 0.19.1 (webtiles) character file.

116 Aksej the Slasher (level 4, -2/34 HPs)
             Began as a Demonspawn Gladiator on Dec 8, 2016.
             Slain by an ice beast (8 damage)
             ... on level 3 of the Dungeon.
             The game lasted 00:08:40 (2801 turns).

Aksej the Slasher (Demonspawn Gladiator)            Turns: 2801, Time: 00:08:40

Health: -2/34      AC:  8    Str: 15    XL:     4   Next: 70%
Magic:  4/4        EV: 17    Int:  9    God:
Gold:   188        SH:  0    Dex: 15    Spells: 0 memorised, 3 levels left

rFire  . . .     SeeInvis .     a - +1 long sword
rCold  . . .     Gourm    .     i - +0 ring mail
rNeg   . . .     Faith    .     (no shield)
rPois  .         Spirit   .     c - +0 helmet
rElec  .         Reflect  .     e - +0 cloak
rCorr  +         Harm     .     (no gloves)
MR     .....                    k - +0 pair of boots
Stlth  +.........               (no amulet)
                                n - ring of resist corrosion
                                h - +5 ring of evasion

@: no status effects
A: demonic guardian 1
a: no special abilities


You were on level 3 of the Dungeon.
You were not hungry.

You visited 1 branch of the dungeon, and saw 3 of its levels.

You collected 188 gold pieces.

Inventory:

Hand Weapons
 a - a +1 long sword (weapon)
Missiles
 d - 3 throwing nets (quivered)
Armour
 c - a +0 helmet (worn)
 e - a +0 cloak (worn)
 i - a +0 ring mail (worn)
 k - a +0 pair of boots (worn)
Jewellery
 h - a +5 ring of evasion (left hand)
 n - a ring of resist corrosion (right hand)
Scrolls
 j - 2 scrolls of enchant weapon
 m - a scroll of remove curse
Potions
 l - a potion of curing {unknown}
Comestibles
 b - 3 chunks of flesh
 f - 3 bread rations


   Skills:
 + Level 2.3 Fighting
 * Level 4.3 Long Blades
 + Level 1.8 Throwing
 + Level 0.6 Armour
 + Level 3.2 Dodging


You had 3 spell levels left.
You didn't know any spells.

Dungeon Overview and Level Annotations

Branches:
Dungeon (3/15)

Altars:


Innate Abilities, Weirdness & Mutations

A weak demonic guardian rushes to your aid.


Message History

You are no longer poisoned.
An ice beast comes into view.
The ice beast barely misses you.
You hit the ice beast but do no damage. The ice beast closely misses you.
You hit the ice beast.
The ice beast is lightly wounded.
The ice beast barely misses you. The ice beast completely misses you.
You hit the ice beast but do no damage.
The ice beast is lightly wounded.
The ice beast hits you. The ice beast freezes you!
You hit the ice beast but do no damage.
The ice beast is lightly wounded.
The ice beast hits you. The ice beast freezes you!
* * * LOW HITPOINT WARNING * * *
You closely miss the ice beast.
The ice beast is lightly wounded.
The ice beast hits you.
* * * LOW HITPOINT WARNING * * *
The ice beast freezes you!
You die...

# #.#.........
#.#.#####.# #
#.#.........
#.........# #
#.#.........
###.#######
###.#.######+#
#.# '.....#
#.# ###.####
#.# # #....###
#.# # ##.....#
#.#####.#
#.....#
#...Y@5.#
#.....#
#########
#.....#
#.....#
#.....#
###'### #.#
#.# #.#


You could see an ice beast and a friendly ufetubus.

Vanquished Creatures
  4 adders
  An adder zombie (D:3)
  3 worms
  A dart slug (D:1)
  A leopard gecko (D:2)
  3 orcs (D:3)
  2 ball pythons
  10 bats
  5 giant cockroaches
  8 goblins
  7 hobgoblins
  A quokka (D:3)
  4 frilled lizards
  6 kobolds
  6 rats
62 creatures vanquished.

Notes
Turn   | Place    | Note
-------+----------+-------------------------------------------
     0 | D:1      | Aksej the Demonspawn Gladiator began the quest for the Orb.
     0 | D:1      | Reached XP level 1. HP: 16/16 MP: 1/1
   202 | D:1      | Reached skill level 3 in Long Blades
   230 | D:1      | Gained mutation: A weak demonic guardian rushes to your aid. [demonic ancestry]
   230 | D:1      | Reached XP level 2. HP: 17/22 MP: 2/2
  1234 | D:2      | Reached XP level 3. HP: 27/27 MP: 3/3
  2096 | D:3      | Reached XP level 4. HP: 33/33 MP: 4/4
  2205 | D:3      | Reached skill level 4 in Long Blades
  2794 | D:3      | Noticed an ice beast
  2801 | D:3      | Slain by an ice beast

Skill      XL: |  1  2  3  4 |
---------------+-------------+-----
Long Blades    | 3 4 |  4.3
Dodging        | 3 |  3.2
Fighting       | |  2.3
Throwing       | |  1.8
Armour         | |  0.6

Action                   |  1- 3 |  4- 6 || total
-------------------------+-------+-------++-------
Melee: Long sword        |   128 |    65 ||   193
  Use: Scroll            |     7 |     2 ||     9
       Potion            |     3 |       ||     3
 Stab: Sleeping          |     1 |       ||     1
  Eat: Chunk             |     4 |     3 ||     7
Armor: Leather armour    |    20 |       ||    20
       Ring mail         |    13 |    17 ||    30
Dodge: Dodged            |   133 |    50 ||   183
       Rpst.: Long sword |    43 |    11 ||    54
